 Dungeon Crawl Stone Soup version 0.30.1-9-gdf580d7c3d (webtiles) character file.

Game seed: 11537348015889976427

15233 kirbyLore2370 the Destroyer (level 11, -26/76 HPs)
             Began as a Yellow Draconian Conjurer on Sept 30, 2023.
             Was a High Priest of Hepliaklqana.
             Annihilated by Mlioglotl (28 damage)
             ... on level 1 of the Swamp on Oct 1, 2023.
             The game lasted 03:13:01 (18993 turns).

kirbyLore2370 the Destroyer (DrCj)                 Turns: 18993, Time: 03:13:02

Health: -26/76     AC:  8    Str:  9    XL:     11   Next: 99%
Magic:  8/16       EV: 20    Int: 27    God:    Hepliaklqana [*****.]
Gold:   1877       SH:  5    Dex: 16    Spells: 12/30 levels left

rFire   . . .        I - +9 falchion of Nemelex Xobeh's Pride {drain, Fly rC++ MP-9 Dex+4}
rCold   + + .        (no shield)
rNeg    . . .        (body armour unavailable)
rPois   .            (helmet restricted)
rElec   .            (no cloak)
rCorr   +            N - +0 pair of gloves
SInv    .            (no boots)
Will    .....        x - amulet of reflection
Stlth   +++          k - +6 ring of intelligence
HPRegen 0.32/turn    o - +5 ring of evasion
MPRegen 0.15/turn

%: reflection
@: about to teleport, afraid, flying
A: reduced essence, spit acid, AC +7, unfitting armour, cold-blooded, acid
resistance, horns 1
a: Breathe Acid, Renounce Religion, Recall Ancestor, Ancestor Identity,
Transference, Idealise


You were on level 1 of the Swamp.
You worshipped Hepliaklqana.
Hepliaklqana was extremely pleased with you.
You visited 4 branches of the dungeon, and saw 15 of its levels.

You collected 1877 gold pieces.

Inventory:

Hand Weapons
 f - a +2 spear
 h - a +3 short sword of electrocution
 j - a +3 whip of freezing
 p - a +4 flail
 w - a +4 hand axe
 I - the +9 falchion of Nemelex Xobeh's Pride (weapon) {drain, Fly rC++ MP-9 Dex+4}
   (You found it on level 7 of the Dungeon)

   Dex:       It affects your dexterity (+4).
   rC:        It greatly protects you from cold.
   MP:        It affects your magic capacity (-9).
   Fly:       It grants you flight.
 L - a +0 shortbow
 M - a +2 dagger of venom
 P - a +3 halberd
 S - a +0 rapier
 T - a +4 dire flail
 U - a +0 war axe
 V - a +9 sling
 W - a +1 heavy quarterstaff
Missiles
 c - 16 poisoned darts
 i - 129 stones
 F - 3 boomerangs (quivered)
 Y - a throwing net
Armour
 N - a +0 pair of gloves (worn)
Magical Staves
 y - the staff of cold "Enall" {rPois rC+ SInv}
   (You found it on level 3 of the Dungeon)

   [staff of cold]

   Base accuracy: +5 Base damage: 5 Base attack delay: 1.2 This weapon's minimum
   attack delay (0.6) is reached at skill level 12.
   rC:        It protects you from cold.
   rPois:     It protects you from poison.
   SInv:      It lets you see invisible.
   It falls into the 'Staves' category.
   It is a one-handed weapon.
 H - a staff of death
Jewellery
 k - a +6 ring of intelligence (left hand)
 o - a +5 ring of evasion (right hand)
 x - an amulet of reflection (around neck)
 z - a +5 ring of evasion
 C - an amulet of guardian spirit
 J - a +4 ring of protection
 Q - an amulet of the acrobat
Wands
 q - a wand of mindburst (10)
 G - a wand of paralysis (7)
 X - a wand of roots (4)
 Z - a wand of flame (12)
Scrolls
 g - a scroll of fear
 r - a scroll of enchant weapon
 t - a scroll of identify
 v - 2 scrolls of fog
 B - 2 scrolls of enchant armour
 K - 2 scrolls of poison
Potions
 a - a potion of magic
 e - 6 potions of haste
 l - 3 potions of might
 A - 2 potions of lignification
 R - a potion of flight
Miscellaneous
 b - a tin of tremorstones (2/2)


   Skills:
 + Level 4.6 Fighting
 + Level 0.8(1.3) Short Blades
 + Level 1.6(1.7) Long Blades
 + Level 3.2(3.8) Axes
 + Level 2.9(4.2) Maces & Flails
 + Level 3.2(3.8) Staves
 + Level 0.2 Throwing
 + Level 7.2 Dodging
 + Level 5.3 Stealth
 + Level 3.8 Shields
 + Level 10.0 Spellcasting
 + Level 11.1 Conjurations
 + Level 0.3 Air Magic
 + Level 1.8 Earth Magic
 + Level 0.4 Poison Magic
 + Level 0.4 Invocations
 + Level 0.7 Evocations


You had 12 spell levels left.
You knew the following spells:

 Your Spells              Type           Power      Damage    Failure   Level
a - Magic Dart            Conj           100%       1d8       1%          1
b - Searing Ray           Conj           100%       2d8       1%          2
c - Stone Arrow           Conj/Erth      96%        3d13      1%          3
d - Passwall              Tmut/Erth      15%        N/A       4%          2
e - Dazzling Flash        Conj/Hex       86%        N/A       1%          3
f - Mephitic Cloud        Conj/Pois/Air  35%        N/A       2%          3
g - Flame Wave            Conj/Fire      43%        2d11      4%          4

Your spell library contained the following spells:

 Spells                   Type           Power      Damage    Failure   Level
 Necrotise                Necr           52%        1d6       4%          1
 Fulminant Prism          Conj/Hex       21%        3d12      4%          4
 Iskenderun's Mystic Bla  Conj/Tloc      43%        2d10      4%          4
 Sticky Flame             Conj/Fire      43%        2d6       4%          4
 Call Imp                 Summ           26%        N/A       6%          2
 Ensorcelled Hibernation  Hex/Ice        26%        N/A       6%          2
 Sublimation of Blood     Necr           13%        N/A       6%          2
 Wereblood                Tmut           13%        N/A       6%          2
 Swiftness                Air            15%        N/A       11%         3
 Gell's Gravitas          Tloc           13%        N/A       13%         3
 Inner Flame              Hex/Fire       13%        N/A       13%         3
 Portal Projectile        Hex/Tloc       26%        N/A       13%         3
 Teleport Other           Tloc           13%        N/A       13%         3
 Tukima's Dance           Hex            13%        N/A       13%         3
 Vampiric Draining        Necr           13%        2d6       13%         3
 Volatile Blastmotes      Fire/Tloc      26%        2d12      13%         3
 Anguish                  Hex/Necr       6%         N/A       38%         4
 Cause Fear               Hex            6%         N/A       38%         4
 Starburst                Conj/Fire      21%        6d7       56%         6
 Agony                    Necr           13%        N/A       75%         5
 Blade Hands              Tmut           6%         N/A       75%         5
 Yara's Violent Unravell  Hex/Tmut       6%         3d5       75%         5
 Dispersal                Tloc           6%         N/A       100%        6
 Dragon Form              Tmut           6%         N/A       100%        7
 Enfeeble                 Hex            6%         N/A       100%        7
 Summon Hydra             Summ           6%         N/A       100%        7
 Lehudib's Crystal Spear  Conj/Erth      24%        10d7      100%        8
 Dragon's Call            Summ           6%         N/A       100%        9
 Animate Armour           Summ/Erth      Unusable   N/A       N/A         4

Dungeon Overview and Level Annotations

Branches:
Dungeon (10/15)            Temple (1/1) D:6            Lair (3/5) D:9
  Swamp (1/4) Lair:2
  Snake: Lair:2-3    Spider: Lair:2-3       Orc: D:9-12

Altars:
Ashenzari
Cheibriados
Dithmenos
Elyvilon
Fedhas
Gozag
Hepliaklqana
Kikubaaqudgha
Makhleb
Nemelex Xobeh
Okawaru
Qazlal
Ru
Sif Muna
Trog
Uskayaw
Vehumet
Wu Jian
Xom
Yredelemnul
Zin
The Shining One

Annotations:
Swamp:1 Mlioglotl


Innate Abilities, Weirdness & Mutations

Your life essence is reduced to manifest your ancestor. (-10% HP)
You can spit globs of acid.
Your golden yellow scales are hard. (AC +7)
You cannot fit into any form of body armour.
You are cold-blooded and may be slowed by cold attacks.
You are resistant to acid. (rCorr)
You have a pair of small horns on your head.


Message History

Confirm with . or Enter, or press ? or * to list all spells.
Aiming: Stone Arrow (safe; 1% risk of failure)
Press: ? - help, Shift-Dir - straight line, f/p - Mlioglotl
Aim: Mlioglotl (strong, ally target, 92% to hit)
Sizwe avoids your attack.
The stone arrow hits Mlioglotl!!
Mlioglotl is lightly wounded.
Mlioglotl hits Sizwe.
Mlioglotl tramples Sizwe!!
Sizwe is shoved backwards!
Sizwe hits Mlioglotl but does no damage.
Casting: Stone Arrow (safe; 1% risk of failure)
Confirm with . or Enter, or press ? or * to list all spells.
Aiming: Stone Arrow (safe; 1% risk of failure)
Press: ? - help, Shift-Dir - straight line, f/p - Mlioglotl
Aim: Mlioglotl (lightly wounded, strong, ally target, 92% to hit)
Sizwe avoids your attack.
The stone arrow hits Mlioglotl!!
Mlioglotl is moderately wounded.
Mlioglotl churns violently!
Mlioglotl corrupts the dungeon around him!
A spriggan rider comes into view. It is wielding a +0 spear.
Sizwe hits Mlioglotl with a +0 dagger of draining.
Mlioglotl hits Sizwe.
Mlioglotl tramples Sizwe!
Sizwe is shoved backwards!
Sizwe is destroyed!
A spriggan rider comes into view. It is wielding a +0 spear.
Mlioglotl churns violently!
Mlioglotl radiates an aura of fear!
You are terrified of Mlioglotl!
You attempt to attack Mlioglotl, but flinch away in fear!
Mlioglotl hits you. Mlioglotl tramples you!!
You are shoved backwards!
Mlioglotl hits you but does no damage. You block Mlioglotl's attack.
You block the spriggan rider's attack.
There is a staircase back to the Lair here.
Mlioglotl misses you. Mlioglotl tramples you!!
* * * LOW HITPOINT WARNING * * *
You are shoved backwards!
You stop ascending the stairs.
Mlioglotl hits you but does no damage. Mlioglotl misses you.
The spriggan rider hits you from afar with a +0 spear!
* * * LOW HITPOINT WARNING * * *
As you read the scroll of teleportation, it crumbles to dust.
You feel strangely unstable. Mlioglotl barely misses you.
Mlioglotl tramples you!!
You die...

.~...≈≈.~...~
♣♣♣♣♣♣.♣♣≈≈≈♣..~..
♣♣♣~~♣..~♣≈≈≈≈≈♣....
♣♣..~§.§.~≈≈≈≈≈≈≈♣.§~
♣~.~§~~~~(♣≈≈≈≈≈≈~~♣
♣♣.~~..~~~.≈≈≈≈♣...♣
♣♣♣.♣♣.....≈≈♣.~~♣♣
♣♣♣♣~♣......~..♣
♣♣♣♣~@§~.....♣♣
♣..§♣X...~..♣♣
♣....i..§~~.♣♣
♣♣.~~.$..~~~.~♣
♣.~~5~~....~~~♣
♣~..~~~~~.....♣
♣♣♣~.~§§~~~~♣♣♣
♣~X~~~.~♣♣♣
♣♣♣~~~~...♣


You could see Mlioglotl (strong, scary), a spriggan rider, a large abomination
(summoned) and a quasit (summoned).

Vanquished Creatures
  Snorg (D:9)
  2 hydras (Lair:2)
  Pikel (D:8)
  2 elephants (Lair:2)
  Joseph (D:9)
  3 black mambas (Lair:2)
  2 cane toads
  A tyrant leech (Lair:2)
  A dream sheep (Lair:2)
  2 basilisks
  A wyvern (D:8)
  4 yaks (Lair:1)
  2 swamp worms (Lair:2)
  4 water moccasins
  A sky beast (D:6)
  An ogre (D:5)
  A hornet zombie (D:8)
  2 centaurs
  A phantom (D:5)
  A lemure (D:8)
  A kobold brigand (D:7)
  4 bullfrogs
  9 wights (D:8)
  5 killer bees
  A howler monkey (D:5)
  3 hounds
  A jelly (D:7)
  4 orc priests
  A sleepcap (D:6)
  2 iguanas
  3 orc wizards
  Terence (D:2)
  6 adders
  11 gnolls
  A hexer (D:7)
  A white imp (D:7)
  31 orcs
  10 ball pythons
  4 endoplasms
  12 giant cockroaches
  A goblin (D:4)
  10 hobgoblins
  6 quokkas
  5 bats
  5 frilled lizards
  11 kobolds
  5 rats
188 creatures vanquished.

Vanquished Creatures (collateral kills)
  A two-headed ogre (D:9)
  A goliath frog (Swamp:1)
  4 elephants (Lair:2)
  A cane toad (Lair:1)
  A black mamba (Lair:1)
  A torpor snail (Lair:2)
  A dream sheep (Lair:2)
  6 yaks
  3 swamp worms
  A water moccasin (Lair:3)
  A hornet zombie (D:8)
  An ogre (D:5)
  An orc warrior (D:9)
  A sky beast (D:7)
  3 lemures (D:8)
  A bullfrog (D:7)
  A gnoll sergeant (D:9)
  4 wights (D:8)
  8 killer bees
  A centaur zombie (D:8)
  A hound (D:5)
  An orc priest (D:9)
  2 iguanas
  A sleepcap (D:5)
  A gnoll bouda (D:9)
  2 orc wizards
  3 gnolls
  2 howler monkey zombies (D:8)
  An adder (D:3)
  6 orcs
  2 giant cockroaches (D:2)
  A hobgoblin (D:4)
  A kobold (D:9)
66 creatures vanquished.

Vanquished Creatures (others)
  An ancestor (D:3)
  12 hexers
13 creatures vanquished.

Grand Total: 267 creatures vanquished

Notes
Turn   | Place    | Note
-------+----------+-------------------------------------------
     0 | D:1      | kirbyLore2370 the Draconian Conjurer began the quest for
                  | the Orb.
     0 | D:1      | Reached XP level 1. HP: 14/14 MP: 3/3
   379 | D:1      | Reached XP level 2. HP: 20/20 MP: 3/5
  1078 | D:1      | Reached XP level 3. HP: 26/26 MP: 4/6
  2087 | D:2      | Found a faded altar of an unknown god.
  2100 | D:2      | Prayed at the altar of an unknown god.
  2100 | D:2      | Became a worshipper of Hepliaklqana the Forgotten
  2100 | D:2      | Reached * piety under Hepliaklqana
  2367 | D:2      | Reached skill level 5 in Conjurations
  2369 | D:2      | Reached skill level 1 in Maces & Flails
  2411 | D:2      | Reached XP level 4. HP: 29/29 MP: 4/7
  2637 | D:2      | Learned a level 2 spell: Searing Ray
  2641 | D:2      | Learned a level 3 spell: Stone Arrow
  2730 | D:2      | Noticed Terence
  2743 | D:2      | Killed Terence
  3573 | D:3      | Reached XP level 5. HP: 19/34 MP: 3/9
  3899 | D:4      | Reached ** piety under Hepliaklqana
  3930 | D:3      | Remembered your ancestor Sizwe as a hexer
  4329 | D:3      | Identified the staff of cold "Enall" {rPois rC+ SInv}
  4594 | D:3      | Learned a level 2 spell: Passwall
  4849 | D:3      | Found a snail-covered altar of Cheibriados.
  5239 | D:5      | Entered Level 5 of the Dungeon
  5392 | D:4      | Reached XP level 6. HP: 41/41 MP: 1/11
  5485 | D:4      | Found a sacrificial altar of Ru.
  5492 | D:4      | Identified the +0 ring mail "Qiafruet" {rCorr Int+4}
  5843 | D:4      | Found a white marble altar of Elyvilon.
  7069 | D:5      | Reached skill level 6 in Conjurations
  7069 | D:5      | Your scales start taking on a golden yellow colour.
  7069 | D:5      | Reached XP level 7. HP: 45/45 MP: 11/13
  7069 | D:5      | Gained mutation: You are resistant to acid. (rCorr) [Yellow
                  | Draconian growth]
  7383 | D:5      | Gained mutation: You have a pair of small horns on your
                  | head. [potion of mutation]
  7482 | D:5      | Reached skill level 1 in Fighting
  7772 | D:5      | Reached *** piety under Hepliaklqana
  8705 | D:5      | Learned a level 3 spell: Dazzling Flash
  8713 | D:6      | Found a staircase to the Ecumenical Temple.
  8790 | Temple   | Entered the Ecumenical Temple
  9116 | D:6      | Found a shimmering altar of Xom.
  9117 | D:6      | Found a shimmering altar of Xom.
  9117 | D:6      | Found a shimmering altar of Xom.
  9118 | D:6      | Found a shimmering altar of Xom.
  9119 | D:6      | Found a shimmering altar of Xom.
  9153 | D:6      | Reached skill level 5 in Spellcasting
  9153 | D:6      | Reached XP level 8. HP: 53/53 MP: 11/15
  9238 | D:6      | Found a stormy altar of Qazlal.
 10031 | D:6      | Reached skill level 7 in Conjurations
 10399 | D:7      | Reached skill level 1 in Staves
 10884 | D:7      | Identified a scroll of acquirement
 10884 | D:7      | Acquired 1136 gold pieces
 10938 | D:7      | Identified the +9 falchion of Nemelex Xobeh's Pride {drain,
                  | Fly rC++ MP-9 Dex+4}
 11041 | D:7      | Found an ancient bone altar of Kikubaaqudgha.
 11315 | D:7      | Identified the +2 leather armour of the Sea {rElec rCorr
                  | Str+4}
 12270 | D:7      | Reached skill level 1 in Shields
 12534 | D:8      | Reached XP level 9. HP: 60/60 MP: 15/18
 12566 | D:8      | Reached **** piety under Hepliaklqana
 12587 | D:8      | Reached skill level 8 in Conjurations
 13243 | D:8      | Reached skill level 5 in Dodging
 14272 | D:8      | Reached XP level 10. HP: 67/67 MP: 14/21
 14397 | D:8      | Reached skill level 9 in Conjurations
 14693 | D:8      | Noticed Pikel
 14698 | D:8      | Learned a level 3 spell: Mephitic Cloud
 14704 | D:8      | Killed Pikel
 14933 | D:9      | Noticed Joseph
 14942 | D:9      | Killed Joseph
 15236 | D:9      | Found a glowing silver altar of Zin.
 15265 | D:9      | Found a hide-covered altar of Uskayaw.
 15318 | D:9      | Found a broken altar of Ashenzari.
 15337 | D:9      | Found an opulent altar of Gozag.
 15531 | D:10     | Entered Level 10 of the Dungeon
 15531 | D:10     | Noticed Snorg
 15546 | D:9      | Noticed a two-headed ogre
 15551 | D:9      | Killed a two-headed ogre
 15694 | D:9      | Killed Snorg
 15802 | D:9      | Found a staircase to the Lair.
 15808 | Lair:1   | Entered Level 1 of the Lair of Beasts
 16013 | Lair:1   | Reached skill level 10 in Conjurations
 16027 | Lair:1   | Noticed a cane toad
 16034 | Lair:1   | Killed a cane toad
 16102 | Lair:1   | Noticed a black mamba
 16107 | Lair:1   | Killed a black mamba
 16292 | Lair:1   | Reached XP level 11. HP: 66/73 MP: 14/24
 16514 | Lair:1   | Reached ***** piety under Hepliaklqana
 16951 | Lair:2   | Reached skill level 5 in Stealth
 16967 | Lair:2   | Reached skill level 1 in Axes
 16978 | Lair:2   | HP: 4/111 [elephant (5)]
 17393 | Lair:2   | Noticed a four-headed hydra
 17398 | Lair:2   | Killed a four-headed hydra
 18040 | Lair:2   | Reached skill level 1 in Earth Magic
 18056 | Lair:2   | Found a staircase to the Swamp.
 18293 | Lair:2   | Noticed a four-headed hydra
 18301 | Lair:2   | Killed a four-headed hydra
 18302 | Lair:2   | Reached skill level 11 in Conjurations
 18562 | Lair:2   | Reached skill level 10 in Spellcasting
 18743 | Lair:2   | Learned a level 4 spell: Flame Wave
 18830 | Swamp:1  | Entered Level 1 of the Swamp
 18831 | Swamp:1  | Noticed a goliath frog
 18838 | Swamp:1  | Killed a goliath frog
 18839 | Swamp:1  | Reached skill level 1 in Long Blades
 18977 | Swamp:1  | Noticed Mlioglotl
 18983 | Swamp:1  | Noticed a spriggan rider
 18984 | Swamp:1  | Noticed a thrashing horror
 18984 | Swamp:1  | Noticed a spriggan rider
 18992 | Swamp:1  | HP: 1/76 [spriggan rider/+0 spear (16)]
 18993 | Swamp:1  | Annihilated by Mlioglotl

Illustrated notes

Levels and vault maps discovered:
D:1:      minmay_arrival_cross, layout_loops_ring, minmay_surrounded
D:2:      minmay_roachtagon, layout_rooms, hellmonk_ecumenical_altar_zigzags,
          hex_large, minivault_4, serial_bayou_ford_a,
          chequers_serial_rivers_small_3, uniq_terence
D:3:      layout_basic, lemuel_coloured_pillars_altar, nicolae_grassy_gnolls
D:4:      layout_basic, amcnicky_altar_gilded, mainiacjoe_overflow_alcove_4,
          minmay_fountain_box
D:5:      layout_layer_cave
D:6:      layout_basic, lemuel_crystal_altar, xom_redecorated,
          minmay_temple_entry_overgrown
D:7:      layout_loops_ring, old_standard_altar, minmay_misc_feat_five
D:8:      layout_loops_ring, serial_undead, serial_undead_d, serial_undead_b,
          serial_undead_e, serial_undead_f, serial_undead_d, serial_undead_f,
          serial_undead_d, serial_undead_c, serial_undead_c, serial_undead_e,
          minmay_misc_feat_more_columns, minivault_22, uniq_pikel
D:9:      layout_long_grid, nicolae_overflow_quartered_altars, lair_entry_dummy,
          uniq_joseph
D:10:     layout_basic, uniq_snorg
Temple:   hellmonk_temple_flake
Lair:1:   layout_misc_corridors
Lair:2:   layout_big_grid, minmay_swamp_entry_worms,
          chequers_serial_rivers_room_b, lemuel_fruit_tree, grunt_megastairs_4
Lair:3:   layout_cave_pods, spider_nest_entry_webs
Swamp:1:  nicolae_swamp_long_stream, layout_basic_swamp,
          nicolae_swamp_decorative_isthmus, swamp_pool2, uniq_mlioglotl,
          uniq_josephine

Skill      XL: |  1  2  3  4  5  6  7  8  9 10 11 |
---------------+----------------------------------+-----
Dodging        | 2 4 5 7 |  7.2
Stealth        | 2 3 4 5 |  5.3
Conjurations   | 5 6 7 8 10 11 | 11.1
Maces & Flails | 1 2 |  2.9
Spellcasting   | 3 4 5 6 7 9 10 | 10.0
Fighting       | 1 2 3 4 |  4.6
Staves         | 2 3 |  3.2
Shields        | 1 2 3 |  3.8
Axes           | 3 |  3.2
Earth Magic    | 1 |  1.8
Long Blades    | 1 |  1.6
Short Blades   | |  0.8
Throwing       | |  0.2
Air Magic      | |  0.3
Poison Magic   | |  0.4
Invocations    | |  0.4
Evocations     | |  0.7

Action                     |  1- 3 |  4- 6 |  7- 9 | 10-12 || total
---------------------------+-------+-------+-------+-------++-------
  Melee: Club              |     7 |       |       |       ||     7
         Tailslap          |     5 |    11 |    18 |    18 ||    52
         Whip              |    13 |    48 |       |       ||    61
         Staff             |       |    12 |    99 |    33 ||   144
         Headbutt          |       |       |    14 |    22 ||    36
         Punch             |       |       |     2 |     3 ||     5
         Falchion          |       |       |       |    27 ||    27
         Short sword       |       |       |       |    13 ||    13
         War axe           |       |       |       |     9 ||     9
  Throw: Dart              |       |       |     2 |       ||     2
   Cast: Magic Dart        |    62 |   112 |   265 |    79 ||   518
         Searing Ray       |       |     2 |    13 |    48 ||    63
         Stone Arrow       |       |       |       |    19 ||    19
         Mephitic Cloud    |       |       |       |     2 ||     2
         Dazzling Flash    |       |       |       |     2 ||     2
 Invoke: Ancestor Identity |       |     1 |       |       ||     1
         Ancestor Life: He |       |     1 |       |       ||     1
         Recall Ancestor   |       |     1 |     1 |     1 ||     3
         Transference      |       |       |       |     1 ||     1
Ability: Breathe Acid      |       |       |     1 |       ||     1
  Evoke: Tin of tremorston |       |       |       |     3 ||     3
    Use: Scroll            |       |    10 |     6 |     4 ||    20
         Potion            |       |     2 |     4 |     5 ||    11
   Stab: Sleeping          |       |     2 |       |       ||     2
         Distracted        |       |       |       |     3 ||     3
         Confused          |       |       |       |     1 ||     1
 Armour: Skin              |     2 |     5 |    40 |    39 ||    86
  Dodge: Dodged            |    11 |    37 |   227 |   141 ||   416
  Block: Other             |       |       |    42 |    38 ||    80
         Reflection        |       |       |     3 |     1 ||     4
